[Event "Titled Tuesday Blitz September 21 2021"]
[White "Omariev, Maksim"]
[Black "Gorin, Leonid"]
[WhiteFideId "4193423"]
[BlackFideId "4131991"]
[WhiteElo "2467"]
[BlackElo "2363"]
[Result "0-1"]
[Round "04"]
[TimeControl "180+1"]
[Date "2021.09.21"]
[WhiteClock "0:00:05"]
[BlackClock "0:00:10"]

1. e4 e5 2. Nf3 Nc6 3. Bb5 a6 4. Ba4 Nf6 5. O-O Be7 6. Re1 b5 7. Bb3 d6 8. h3 Na5 9. d3 O-O 10. Nc3 Bb7 11. Bg5 Nd7 12. Be3 Nxb3 13. axb3 c5 14. Nd5 f5 15. c4 b4 16. exf5 Rxf5 17. Nxe7+ Qxe7 18. Nd2 Qf7 19. Qg4 Re8 20. Ne4 h5 21. Qh4 Qe6 22. Ng3 Rf7 23. Qxh5 Nf6 24. Qg6 Nh7 25. Qxe6 Rxe6 26. Ne4 Rg6 27. f3 Rxf3 28. Kh2 Rf7 29. Rf1 Nf6 30. Ng5 Re7 31. g4 Nh7 32. Nxh7 Kxh7 33. Rf5 Rf6 34. Raf1 Kg6 35. Rg5+ Kf7 36. Rxf6+ gxf6 37. Rh5 Kg7 38. Kg3 Bc8 39. Kf3 Rf7 40. Bh6+ Kg6 41. Bd2 Kg7 42. Rh6 f5 43. g5 f4 44. h4 Bb7+ 45. Kf2 e4 46. dxe4 Bxe4 47. Rxd6 f3 48. h5 Re7 49. Be3 Bb7 50. Bxc5 Re2+ 51. Kf1 Bc8 52. Rg6+ Kh7 53. Rh6+ Kg8 54. Rg6+ Kh7 55. Rh6+ Kg8 56. Bd4 Bh3+ 57. Kg1 Rg2+ 58. Kh1 f2 59. Rg6+ Kf7 60. Rf6+ Ke7 61. Rxf2 Rg4 62. Bf6+ Ke6 63. Kh2 Rh4 64. Kg3 Rxh5 65. Rh2 Bg4 66. Rxh5 Bxh5 67. c5 Bg6 68. c6 Kd6 69. Be7+ Kxe7 70. Kf4 Kd6 71. c7 Kxc7 72. Ke5 Kc6 73. Kf6 Bc2 74. g6 Bxb3 75. g7 a5 76. Ke7 a4 0-1


[Site "https://www.chess.com"]

[Event "Titled Tuesday Blitz September 21 2021"]
[White "Ovetchkin, Roman"]
[Black "Seemann, Jakub"]
[WhiteFideId "4119991"]
[BlackFideId "21874697"]
[WhiteElo "2432"]
[BlackElo "1849"]
[Result "1-0"]
[Round "04"]
[TimeControl "180+1"]
[Date "2021.09.21"]
[WhiteClock "0:00:06"]
[BlackClock "0:00:02"]

1. d4 Nf6 2. c4 e6 3. Nf3 d5 4. g3 dxc4 5. Bg2 c6 6. Ne5 Bb4+ 7. Bd2 Be7 8. e3 b5 9. a4 b4 10. Nxc4 Ba6 11. Qb3 Nbd7 12. O-O c5 13. Rc1 cxd4 14. exd4 O-O 15. Bxb4 Rb8 16. Bxe7 Qxe7 17. Qa3 Rb4 18. Nbd2 Rfb8 19. b3 Nd5 20. Bxd5 exd5 21. Na5 Qe2 22. Nc6 Qxd2 23. Nxb4 Rxb4 24. Rc7 Qxd4 25. Rxd7 h5 26. Re1 Qc3 27. Qc1 Rxb3 28. Rxa7 Bc4 29. Re8+ Kh7 30. Qxc3 Rxc3 31. Rxf7 Rc1+ 32. Kg2 Bf1+ 33. Kf3 Rc3+ 34. Re3 Rc4 35. Rf4 Rc1 36. Ra3 Rb1 37. Rd4 Bc4 38. a5 g5 39. a6 g4+ 40. Kf4 Rf1 41. a7 Rxf2+ 42. Kg5 Rf8 43. a8=Q Rxa8 44. Rxa8 1-0


[Site "https://www.chess.com"]

[Event "Titled Tuesday Blitz September 21 2021"]
[White "Ozen, Bahadir"]
[Black "Visakh N R"]
[WhiteFideId "6337058"]
[BlackFideId "25012223"]
[WhiteElo "2503"]
[BlackElo "2454"]
[Result "0-1"]
[Round "04"]
[TimeControl "180+1"]
[Date "2021.09.21"]
[WhiteClock "0:00:02"]
[BlackClock "0:00:44"]

1. Nf3 d5 2. e3 Nd7 3. c4 e6 4. Nc3 Ngf6 5. b3 Be7 6. Bb2 O-O 7. Rc1 a5 8. Be2 Nc5 9. d3 a4 10. O-O axb3 11. axb3 b6 12. b4 Na6 13. cxd5 Nxb4 14. dxe6 Bxe6 15. Nb5 c5 16. d4 Ra2 17. Bc3 Nbd5 18. dxc5 Bxc5 19. Be5 Nxe3 20. fxe3 Bxe3+ 21. Kh1 Bxc1 22. Nc3 Qxd1 23. Rxd1 Ng4 24. Rxc1 Nxe5 25. Nxe5 Rb2 26. Nd3 Rd2 27. Nf4 Rc8 28. Rd1 Rxd1+ 29. Nxd1 Bb3 30. Ne3 Re8 31. Ng4 h5 32. Nh6+ gxh6 33. Kg1 h4 34. Kf2 Re4 35. Kf3 Ra4 36. Ke3 Be6 37. g3 hxg3 38. hxg3 Ra3+ 39. Kf2 Ra2 40. Ke3 Ra3+ 41. Kf2 Kf8 42. Nd3 Bc4 0-1


[Site "https://www.chess.com"]

[Event "Titled Tuesday Blitz September 21 2021"]
[White "Peralta, Eduardo"]
[Black "Kamsky, Gata"]
[WhiteFideId "3700062"]
[BlackFideId "2000024"]
[WhiteElo "2732"]
[BlackElo "2932"]
[Result "0-1"]
[Round "04"]
[TimeControl "180+1"]
[Date "2021.09.21"]
[WhiteClock "0:00:59"]
[BlackClock "0:00:09"]

1. Nf3 Nf6 2. g3 g6 3. Bg2 Bg7 4. O-O O-O 5. c4 c6 6. d4 d5 7. Qb3 Qb6 8. Nc3 Rd8 9. Qa3 Bf8 10. Qa4 Be6 11. c5 Qc7 12. Bf4 Qc8 13. b4 a6 14. Qb3 Bh3 15. a4 Bxg2 16. Kxg2 Nbd7 17. b5 Nh5 18. bxc6 Nxf4+ 19. gxf4 bxc6 20. h3 Rb8 21. Qc2 Bg7 22. e3 a5 23. Rab1 Qc7 24. Qd3 f6 25. f5 Nf8 26. Rfc1 e6 27. fxe6 Nxe6 28. Qa6 f5 29. Rb6 Ra8 30. Qd3 f4 31. e4 dxe4 32. Nxe4 Nxd4 33. Qc4+ Kh8 34. Nd6 Rxd6 35. Ra6 Rdd8 36. Rxa8 Rxa8 37. Nxd4 Re8 38. Nf3 Bf6 39. Rd1 Kg7 40. Qa6 Re7 41. Qc4 g5 42. Rd6 Qc8 43. Nh2 h5 44. Nf3 Qf5 45. Nd4 Qe4+ 46. f3 Qb1 47. Ne6+ Kg6 48. Qe4+ Qxe4 49. fxe4 Rb7 50. Nxf4+ gxf4 51. e5 Rb4 52. Rxf6+ Kg5 0-1


[Site "https://www.chess.com"]

[Event "Titled Tuesday Blitz September 21 2021"]
[White "Perez Ponsa, Federico"]
[Black "FGHSMN"]
[WhiteFideId "117927"]
[WhiteElo "2672"]
[BlackElo "2718"]
[Result "0-1"]
[Round "04"]
[TimeControl "180+1"]
[Date "2021.09.21"]
[WhiteClock "0:00:16"]
[BlackClock "0:00:34"]

1. e4 c5 2. Nf3 e6 3. g3 Nc6 4. Bg2 Nf6 5. Qe2 d6 6. O-O Be7 7. c3 O-O 8. d4 cxd4 9. cxd4 Bd7 10. Nc3 Rc8 11. Rd1 Na5 12. e5 Nd5 13. Nxd5 exd5 14. Bf4 dxe5 15. dxe5 Be6 16. Nd4 Qb6 17. b3 Nc6 18. Be3 Bc5 19. Nxc6 bxc6 20. Bxc5 Qxc5 21. Rac1 Qb6 22. Qc2 Rfd8 23. Qc5 Qb8 24. f4 h5 25. Rd4 Rd7 26. b4 Rb7 27. a3 Rb5 28. Qe7 a5 29. Kh1 axb4 30. axb4 Rb7 31. Qg5 Rxb4 32. Rxb4 Qxb4 33. f5 Bd7 34. Qxh5 Qb2 35. Re1 Qc3 36. Qe2 Bxf5 37. Qf2 Re8 38. Re3 Qd4 39. Qe1 c5 40. h4 c4 41. Kh2 Bd3 42. e6 fxe6 43. Rxe6 Rxe6 44. Qxe6+ Kh7 45. Bxd5 Qf2+ 46. Kh3 Bf5+ 0-1


[Site "https://www.chess.com"]

[Event "Titled Tuesday Blitz September 21 2021"]
[White "Petrovskyi, Vadym"]
[Black "Sjugirov, Sanan"]
[WhiteFideId "14165210"]
[BlackFideId "4189302"]
[WhiteElo "2334"]
[BlackElo "2654"]
[Result "0-1"]
[Round "04"]
[TimeControl "180+1"]
[Date "2021.09.21"]
[WhiteClock "0:00:14"]
[BlackClock "0:00:15"]

1. e4 c6 2. d4 d5 3. Nc3 dxe4 4. Nxe4 Nf6 5. Nxf6+ exf6 6. c3 Bd6 7. Bd3 O-O 8. Qc2 Re8+ 9. Ne2 h5 10. Be3 Nd7 11. Ng3 Bf4 12. O-O Bxe3 13. fxe3 h4 14. Nf5 Nf8 15. Rae1 Bxf5 16. Bxf5 g6 17. Bd3 f5 18. e4 fxe4 19. Bxe4 Qg5 20. Qb3 Re7 21. d5 Rae8 22. d6 Qc5+ 23. Kh1 Qxd6 24. Rd1 Qe6 25. Qxe6 Nxe6 26. b4 Kg7 27. Bd3 Ng5 28. Bc4 Re3 29. Rd7 R8e7 30. Rd4 h3 31. gxh3 Rxh3 32. Rg4 Rxc3 33. Bb3 f6 34. h4 Re4 35. Rxe4 Nxe4 36. Kg2 f5 37. Rd1 Rg3+ 38. Kh2 Rg4 39. Rd7+ Kf6 40. Rxb7 Rxh4+ 41. Kg2 Rg4+ 42. Kf3 Nd2+ 43. Ke2 Nxb3 44. axb3 Rg3 45. Rxa7 Rxb3 46. Rb7 f4 47. Kd2 g5 48. Kc2 Re3 49. Rb6 Re6 50. Kd3 f3 51. Rb8 Kf5 52. Rf8+ Kg4 0-1


[Site "https://www.chess.com"]

[Event "Titled Tuesday Blitz September 21 2021"]
[White "Pinheiro, Iung Alicio de O."]
[Black "Popadic, Dragan"]
[WhiteFideId "2104350"]
[BlackFideId "913650"]
[WhiteElo "2614"]
[BlackElo "2207"]
[Result "1-0"]
[Round "04"]
[TimeControl "180+1"]
[Date "2021.09.21"]
[WhiteClock "0:00:39"]
[BlackClock "0:00:09"]

1. d4 Nf6 2. c4 g6 3. Nc3 Bg7 4. e4 d6 5. h3 O-O 6. Bg5 h6 7. Be3 Na6 8. Nf3 e5 9. d5 Nc5 10. Qc2 a5 11. g4 Nfd7 12. Rg1 c6 13. h4 cxd5 14. cxd5 Rb8 15. Bb5 Kh7 16. h5 g5 17. O-O-O Kg8 18. Kb1 Nf6 19. Nh2 Bd7 20. f3 Qb6 21. Qe2 Rfc8 22. Nf1 Qd8 23. Nd2 Bf8 24. Bxd7 Nfxd7 25. Nb5 Na4 26. Rc1 Nac5 27. Nc4 Nf6 28. Bf2 a4 29. Qd2 Ra8 30. Rc2 Qd7 31. Nca3 Qd8 32. Rgc1 Nfd7 33. Nc4 Qf6 34. Qe2 Kg7 35. Ne3 Kg8 36. Nf5 Kh7 37. Be3 Kg8 38. Rc4 Kh7 39. Qc2 Nb6 40. Rc3 Qd8 41. Nbxd6 Bxd6 42. Bxc5 Bxc5 43. Rxc5 Nd7 44. Rxc8 Rxc8 45. Qxc8 1-0


[Site "https://www.chess.com"]

[Event "Titled Tuesday Blitz September 21 2021"]
[White "Plotnikov, Pavel"]
[Black "Kovalchuk94"]
[WhiteFideId "4170342"]
[WhiteElo "2298"]
[BlackElo "2686"]
[Result "0-1"]
[Round "04"]
[TimeControl "180+1"]
[Date "2021.09.21"]
[WhiteClock "0:00:02"]
[BlackClock "0:01:01"]

1. e4 e5 2. Nf3 Nf6 3. Nxe5 d6 4. Nf3 Nxe4 5. Nc3 Nxc3 6. dxc3 Be7 7. Be3 Nd7 8. Qd2 Nf6 9. O-O-O O-O 10. Bd3 c5 11. c4 b5 12. Ng5 bxc4 13. Bxc4 Bb7 14. Qc3 d5 15. Be2 d4 16. Qe1 Nd5 17. Bd3 Bxg5 18. Bxg5 Qxg5+ 19. Kb1 Nb4 20. f4 Nxd3 21. Rxd3 Qxf4 22. Rf1 Rae8 23. Qd1 Qe4 24. Rg3 Qe2 25. Qc1 Be4 26. Rg1 Bg6 27. a3 c4 28. h4 d3 29. Qg5 dxc2+ 30. Ka2 Re5 31. Qf4 Qe4 32. Qf2 Qxh4 33. Rf1 Rf5 34. Qxa7 Qxg3 35. Rxf5 Qb3+ 36. Ka1 c1=Q# 0-1


[Site "https://www.chess.com"]

[Event "Titled Tuesday Blitz September 21 2021"]
[White "Popilski, Gil"]
[Black "Araujo Filho, Luiz Antonio Coel"]
[WhiteFideId "2809060"]
[BlackFideId "2130661"]
[WhiteElo "2537"]
[BlackElo "2222"]
[Result "1-0"]
[Round "04"]
[TimeControl "180+1"]
[Date "2021.09.21"]
[WhiteClock "0:00:55"]
[BlackClock "0:00:03"]

1. d4 f5 2. g3 Nf6 3. Bg2 g6 4. c3 Bg7 5. Qb3 d5 6. c4 e6 7. Nc3 c6 8. Bf4 O-O 9. Nf3 Nbd7 10. O-O Nb6 11. c5 Nbd7 12. Bd6 Re8 13. Qa4 Ne4 14. Nxe4 fxe4 15. Ne5 Nxe5 16. dxe5 Qg5 17. f4 Qd8 18. b4 Bd7 19. Qd1 Rc8 20. e3 Ra8 21. Qd2 Rc8 22. a4 Ra8 23. a5 a6 24. Ra2 Kh8 25. g4 Qh4 26. h3 Kg8 27. Qf2 Qxf2+ 28. Raxf2 Kh8 29. h4 Kg8 30. Bh3 Kh8 31. Kh2 Kg8 32. Kg3 Kh8 33. h5 Kg8 34. hxg6 hxg6 35. Rh2 Rac8 36. Rfh1 Rcd8 37. Kh4 Kf7 38. Kg5 Rh8 39. Bf1 Rxh2 40. Rxh2 Rh8 41. Rxh8 Bxh8 42. Kh6 Bg7+ 43. Kh7 Bc8 44. Be2 Bd7 45. Bd1 Bc8 46. Be2 Bd7 47. g5 Bc8 48. Bh5 gxh5 49. g6+ Ke8 50. Kxg7 h4 51. Kf6 1-0


[Site "https://www.chess.com"]

[Event "Titled Tuesday Blitz September 21 2021"]
[White "Pourkashiyan, Atousa"]
[Black "Bacrot, Etienne"]
[WhiteFideId "12502014"]
[BlackFideId "605506"]
[WhiteElo "2285"]
[BlackElo "2673"]
[Result "0-1"]
[Round "04"]
[TimeControl "180+1"]
[Date "2021.09.21"]
[WhiteClock "0:00:02"]
[BlackClock "0:00:29"]

1. e4 c5 2. Nf3 d6 3. d4 cxd4 4. Nxd4 Nf6 5. Nc3 Nc6 6. Be2 g6 7. O-O Bg7 8. Be3 O-O 9. Qd2 Bd7 10. Rad1 Ng4 11. Bxg4 Bxg4 12. f3 Bd7 13. Nd5 e6 14. Nc3 Ne5 15. b3 a6 16. Nde2 Qc7 17. Qxd6 Rfc8 18. Qxc7 Rxc7 19. f4 Ng4 20. Bb6 Rc6 21. Bd4 e5 22. fxe5 Be6 23. Nf4 Nxe5 24. Nfd5 Kh8 25. h3 h5 26. Nf6 Nd7 27. Nxd7 Bxd4+ 28. Rxd4 Rxc3 29. Ne5 Kg7 30. Rf2 Rac8 31. Rdd2 b5 32. a3 a5 33. Kf1 a4 34. bxa4 bxa4 35. Rf3 Rxc2 36. Rxc2 Rxc2 37. Nd3 Bb3 38. Nb4 Rc1+ 39. Kf2 Ra1 40. e5 Rxa3 41. Kg3 Ra1 42. Nc6 Bd5 43. Rc3 a3 44. Nd4 a2 0-1


[Site "https://www.chess.com"]

[Event "Titled Tuesday Blitz September 21 2021"]
[White "Przybylski, Wojciech"]
[Black "Swapnil, S. Dhopade"]
[WhiteFideId "1117599"]
[BlackFideId "5019184"]
[WhiteElo "2285"]
[BlackElo "2402"]
[Result "0-1"]
[Round "04"]
[TimeControl "180+1"]
[Date "2021.09.21"]
[WhiteClock "0:00:01"]
[BlackClock "0:00:08"]

1. e4 c5 2. Nf3 d6 3. Bb5+ Bd7 4. a4 Nf6 5. Nc3 Nc6 6. h3 g6 7. O-O Bg7 8. Re1 O-O 9. Bc4 e5 10. d3 Be6 11. Nd2 d5 12. exd5 Nxd5 13. Nxd5 Bxd5 14. Bxd5 Qxd5 15. Qf3 Rad8 16. Qxd5 Rxd5 17. Nb3 Nd4 18. Nxd4 cxd4 19. Bd2 Rc8 20. c4 dxc3 21. Bxc3 Rxd3 22. Bxe5 Bxe5 23. Rxe5 Rc2 24. Rb5 Rdd2 25. Rxb7 Rxf2 26. Rxa7 Rxg2+ 27. Kh1 Rh2+ 28. Kg1 Rcg2+ 29. Kf1 Rxb2 30. Kg1 Rxh3 31. Rf1 Rg3+ 32. Kh1 Rh3+ 33. Kg1 Rg3+ 34. Kh1 Ra3 35. Kg1 Raa2 36. Rfxf7 Ra1+ 37. Rf1 Rxf1+ 38. Kxf1 Ra2 39. a5 h5 40. a6 g5 41. Ra8+ Kg7 42. Kg1 h4 43. Kh1 g4 44. Ra7+ Kg6 45. Ra8 Kg5 46. a7 Ra1+ 47. Kg2 h3+ 48. Kf2 h2 49. Rg8+ Kf4 50. Rf8+ Kg5 51. Rg8+ Kf4 52. Rf8+ Ke5 53. Re8+ Kf6 54. Rh8 Rxa7 55. Rxh2 Kg5 56. Rh8 Ra2+ 57. Kg3 Ra3+ 58. Kg2 Ra2+ 59. Kg3 Ra3+ 0-1


[Site "https://www.chess.com"]

[Event "Titled Tuesday Blitz September 21 2021"]
[White "Rakhmanov, Aleksandr"]
[Black "Nenezic, Marko"]
[WhiteFideId "4173708"]
[BlackFideId "912123"]
[WhiteElo "2554"]
[BlackElo "2481"]
[Result "0-1"]
[Round "04"]
[TimeControl "180+1"]
[Date "2021.09.21"]
[WhiteClock "0:00:19"]
[BlackClock "0:00:55"]

1. d4 Nf6 2. Bf4 g6 3. Nc3 d5 4. e3 c6 5. h4 Bg7 6. Be2 Qb6 7. Rb1 h5 8. Nf3 Bg4 9. Ne5 Bxe2 10. Qxe2 Nbd7 11. a3 a6 12. f3 e6 13. Qd2 c5 14. Na4 Qb5 15. Nxc5 Nxc5 16. dxc5 Qxc5 17. c3 O-O 18. Qd4 Qe7 19. Bg5 Qc7 20. Qf4 Ne8 21. Nxg6 fxg6 22. Qxc7 Nxc7 23. Ke2 Bf6 24. Bf4 e5 25. Bg3 Rfd8 26. Rhd1 Kf7 27. Rbc1 Ne6 28. c4 d4 29. b4 a5 30. b5 Nc5 31. exd4 exd4 32. Bc7 Rd7 33. Bf4 d3+ 34. Kf2 Re8 35. Be3 Bxh4+ 36. g3 Bxg3+ 37. Kxg3 Rxe3 0-1


[Site "https://www.chess.com"]

[Event "Titled Tuesday Blitz September 21 2021"]
[White "Rojas Alarcon, Julian Antonio"]
[Black "Bilan, Danila"]
[WhiteFideId "5107407"]
[BlackFideId "24161918"]
[WhiteElo "2333"]
[BlackElo "2164"]
[Result "1-0"]
[Round "04"]
[TimeControl "180+1"]
[Date "2021.09.21"]
[WhiteClock "0:00:19"]
[BlackClock "0:00:06"]

1. c4 c6 2. Nf3 d5 3. b3 Nf6 4. Bb2 Bf5 5. d3 e6 6. h3 h6 7. g4 Bh7 8. Nbd2 Nbd7 9. Bg2 Bd6 10. a3 a5 11. Qc2 Qe7 12. Nd4 e5 13. Nf5 Bxf5 14. gxf5 d4 15. Bf3 Nh7 16. Ne4 Ng5 17. Nxd6+ Qxd6 18. Bg2 Nh7 19. e3 O-O-O 20. O-O-O Nhf6 21. Kb1 Rhe8 22. Rhg1 Re7 23. Bf3 Ne8 24. Ka2 f6 25. h4 Qc7 26. c5 dxe3 27. fxe3 e4 28. Bxe4 Ne5 29. b4 axb4 30. axb4 Qd7 31. Qa4 Nc7 32. Kb1 Qe8 33. Bxe5 Rxe5 34. Rxg7 Rxe4 35. dxe4 Qxe4+ 36. Kb2 Rxd1 37. Qxd1 Qxb4+ 38. Qb3 Qd2+ 39. Kb1 Qe1+ 40. Ka2 Qd2+ 41. Qb2 Qd5+ 42. Qb3 Qd2+ 43. Ka1 Qd1+ 44. Qb1 Qa4+ 45. Kb2 Nb5 46. Qd3 Qb4+ 47. Kc2 Kb8 48. Qd8+ Ka7 49. Qb6+ Ka8 50. Qxb7# 1-0


[Site "https://www.chess.com"]

[Event "Titled Tuesday Blitz September 21 2021"]
[White "Sarana, Alexey"]
[Black "Kumala, Aleksander"]
[WhiteFideId "24133795"]
[BlackFideId "1141880"]
[WhiteElo "2671"]
[BlackElo "2269"]
[Result "1-0"]
[Round "04"]
[TimeControl "180+1"]
[Date "2021.09.21"]
[WhiteClock "0:01:37"]
[BlackClock "0:01:04"]

1. e4 e5 2. Nf3 Nc6 3. Bc4 Nf6 4. d3 d5 5. exd5 Nxd5 6. O-O Bc5 7. c3 O-O 8. Nbd2 Bg4 9. h3 Bh5 10. Re1 Re8 11. Ne4 Bb6 12. Ng3 Bg6 13. Bg5 f6 14. Be3 Kh8 15. Bxb6 axb6 16. Nh4 Na5 17. Nxg6+ hxg6 18. Qg4 Nxc4 19. dxc4 Ne7 20. Rad1 Qc8 21. Rd7 Nf5 22. Red1 Nxg3 23. Qxg6 Rg8 24. Qxg3 Kh7 25. Qh4+ Kg6 26. Qg4+ Kh6 27. Qh4+ Kg6 28. R1d3 Qxd7 29. Rxd7 Rxa2 30. Qg4+ Kh6 31. b4 1-0


[Site "https://www.chess.com"]

[Event "Titled Tuesday Blitz September 21 2021"]
[White "Sargsyan, Anna M."]
[Black "Sliwicki, Damian"]
[WhiteFideId "13308130"]
[BlackFideId "1127128"]
[WhiteElo "2263"]
[BlackElo "2151"]
[Result "1-0"]
[Round "04"]
[TimeControl "180+1"]
[Date "2021.09.21"]
[WhiteClock "0:02:15"]
[BlackClock "0:00:03"]

1. d4 Nf6 2. c4 e6 3. Nf3 d5 4. Nc3 Bb4 5. Bg5 Nbd7 6. e3 c5 7. cxd5 exd5 8. Bd3 Qa5 9. O-O Bxc3 10. bxc3 c4 11. Bf5 O-O 12. Qc2 g6 13. Bh3 Kg7 14. Nd2 h6 15. Bf4 g5 16. Bxd7 Nxd7 17. Bd6 Re8 18. e4 dxe4 19. Rfe1 f5 20. Nxc4 Qd5 21. Be5+ Nxe5 22. Nxe5 b6 23. Rad1 Bb7 24. c4 Qd6 25. c5 bxc5 26. Nc4 Qc6 27. dxc5 Rad8 28. Nd6 e3 29. Qb2+ Kg6 30. Nxb7 exf2+ 31. Kxf2 Rxe1 32. Rxd8 Re4 33. Rd6+ Qxd6 1-0


[Site "https://www.chess.com"]

[Event "Titled Tuesday Blitz September 21 2021"]
[White "Siva Mahadevan"]
[Black "Putnam, Liam"]
[WhiteFideId "25043153"]
[BlackFideId "30938279"]
[WhiteElo "2203"]
[BlackElo "2035"]
[Result "1-0"]
[Round "04"]
[TimeControl "180+1"]
[Date "2021.09.21"]
[WhiteClock "0:01:57"]
[BlackClock "0:00:44"]

1. e4 c5 2. Nf3 d6 3. d4 cxd4 4. Nxd4 Nf6 5. Nc3 g6 6. Be3 Bg7 7. f3 O-O 8. Qd2 Nc6 9. Bc4 Bd7 10. h4 Ne5 11. Bb3 Rc8 12. h5 Nxh5 13. g4 Bxg4 14. fxg4 Ng3 15. Rh3 Rxc3 16. bxc3 Nxe4 17. Qg2 Nxc3 18. Bd2 Qb6 19. Bxc3 Nc6 20. Nxc6 bxc6 21. Bxg7 Kxg7 22. O-O-O 1-0


[Site "https://www.chess.com"]

[Event "Titled Tuesday Blitz September 21 2021"]
[White "Skatchkov, Valery"]
[Black "Necula, Iulian"]
[WhiteFideId "24195812"]
[BlackFideId "1232380"]
[WhiteElo "2195"]
[BlackElo "1776"]
[Result "1-0"]
[Round "04"]
[TimeControl "180+1"]
[Date "2021.09.21"]
[WhiteClock "0:00:15"]
[BlackClock "0:00:01"]

1. d4 f5 2. c4 Nf6 3. Nc3 d6 4. h4 Nbd7 5. Nf3 c6 6. Bf4 h6 7. h5 Qa5 8. d5 Ne4 9. Bd2 Nxd2 10. Qxd2 Nf6 11. e3 e5 12. dxe6 Bxe6 13. Nd4 Bd7 14. a3 Be7 15. b4 Qc7 16. Bd3 O-O 17. Nxf5 Bxf5 18. Bxf5 d5 19. cxd5 Qe5 20. g4 cxd5 21. Qd4 Qxd4 22. exd4 Rad8 23. Kd2 Ne4+ 24. Bxe4 dxe4 25. Ke3 Bf6 26. Rad1 Rfe8 27. Nxe4 Re7 28. Rhe1 Red7 29. Nxf6+ gxf6 30. Ke4 Rd5 31. Re3 Rg5 32. Kf3 f5 33. gxf5 Rxf5+ 34. Ke4 Rxh5 35. d5 Rh4+ 36. Ke5 Rh5+ 37. Ke6 Re8+ 38. Kd7 1-0


[Site "https://www.chess.com"]

[Event "Titled Tuesday Blitz September 21 2021"]
[White "Solon, Nathan"]
[Black "Vokhidov, Shamsiddin"]
[WhiteFideId "2017229"]
[BlackFideId "14204223"]
[WhiteElo "2704"]
[BlackElo "2616"]
[Result "0-1"]
[Round "04"]
[TimeControl "180+1"]
[Date "2021.09.21"]
[WhiteClock "0:00:06"]
[BlackClock "0:01:59"]

1. d4 Nf6 2. Nf3 e6 3. c4 d5 4. g3 Bb4+ 5. Nbd2 dxc4 6. Bg2 b5 7. a4 c6 8. O-O a5 9. Ne5 Ra6 10. Ne4 Nxe4 11. Bxe4 f6 12. Nxc6 Rxc6 13. axb5 Rb6 14. Qc2 Bb7 15. Bxh7 Qd5 16. Bg6+ Ke7 17. e4 Qxb5 18. d5 exd5 19. Be3 Re6 20. Rfd1 Nd7 21. Bf5 Rxe4 22. Bxe4 dxe4 23. Rd4 Ne5 24. Kg2 Nf3 25. Rxe4+ Kf7 26. Kxf3 Qf5+ 27. Bf4 g5 28. Qxc4+ Kg6 29. g4 Qxf4+ 0-1


[Site "https://www.chess.com"]

[Event "Titled Tuesday Blitz September 21 2021"]
[White "Spyropoulos, Nikolaos"]
[Black "Yeletsky, Ivan"]
[WhiteFideId "4298977"]
[BlackFideId "24180327"]
[WhiteElo "2159"]
[BlackElo "2344"]
[Result "0-1"]
[Round "04"]
[TimeControl "180+1"]
[Date "2021.09.21"]
[WhiteClock "0:01:24"]
[BlackClock "0:01:02"]

1. d4 d5 2. Nf3 c6 3. Bf4 Bg4 4. Nbd2 Nd7 5. e3 Ngf6 6. c3 Nh5 7. Bg5 h6 8. Bh4 g5 9. Bg3 Bg7 10. Bd3 e5 11. dxe5 Nxg3 12. Be2 O-O 13. hxg3 Qe7 14. Nd4 Bxe2 15. Qxe2 Qxe5 16. O-O-O c5 17. N4f3 Qe6 18. Kb1 b5 19. e4 Rab8 20. Rhe1 b4 21. exd5 Qxe2 22. Rxe2 bxc3 23. Nc4 cxb2 24. Rd3 Rb4 25. Nd6 c4 26. Rde3 Nb6 27. a3 Ra4 0-1


[Site "https://www.chess.com"]

[Event "Titled Tuesday Blitz September 21 2021"]
[White "Srihari L R"]
[Black "Kushko, Dmitriy"]
[WhiteFideId "46617116"]
[BlackFideId "14162261"]
[WhiteElo "2121"]
[BlackElo "2219"]
[Result "1-0"]
[Round "04"]
[TimeControl "180+1"]
[Date "2021.09.21"]
[WhiteClock "0:01:19"]
[BlackClock "0:00:12"]

1. d4 Nf6 2. Bg5 Ne4 3. Bf4 d5 4. f3 Nf6 5. e4 e6 6. e5 Nfd7 7. Be3 b6 8. f4 Ba6 9. Bxa6 Nxa6 10. Nf3 c5 11. c3 g6 12. O-O h5 13. Ng5 Be7 14. Qd3 c4 15. Qc2 Bxg5 16. fxg5 Qe7 17. Nd2 O-O 18. Nf3 b5 19. a3 Nc7 20. Nh4 Kh7 21. Rf6 Rg8 22. Raf1 Raf8 23. Qf2 Nxf6 24. gxf6 Qe8 25. Nf3 g5 26. Nxg5+ Rxg5 27. Bxg5 Rg8 28. Qh4 Rg6 29. Qxh5+ Kg8 30. Rf3 Qc6 31. Rh3 Kf8 32. Qh8+ Rg8 33. Bh6+ 1-0


[Site "https://www.chess.com"]

[Event "Titled Tuesday Blitz September 21 2021"]
[White "Suarez Gomez, Julio"]
[Black "Xiong, Jeffery"]
[WhiteFideId "22275991"]
[BlackFideId "2047640"]
[WhiteElo "2750"]
[BlackElo "2945"]
[Result "1-0"]
[Round "04"]
[TimeControl "180+1"]
[Date "2021.09.21"]
[WhiteClock "0:00:50"]
[BlackClock "0:00:45"]

1. e4 c6 2. d4 d5 3. Nc3 dxe4 4. Nxe4 Nf6 5. Nxf6+ exf6 6. c3 Bd6 7. Bd3 O-O 8. Qc2 Re8+ 9. Ne2 h5 10. O-O h4 11. h3 Nd7 12. Be3 Nf8 13. Rad1 Be6 14. c4 Rc8 15. Rfe1 Bb8 16. Nf4 Qc7 17. Kf1 Bd7 18. b3 Ne6 19. Nxe6 Bxe6 20. f4 b5 21. Bh7+ Kh8 22. Bf5 bxc4 23. bxc4 Rcd8 24. Kg1 a6 25. Rb1 Qa5 26. Bd3 Ba7 27. Qf2 Kg8 28. Qxh4 Bf5 29. Bxf5 Qxf5 30. Bf2 Qd3 31. c5 Bb8 32. Qg3 Qd2 33. Qf3 Qxf4 34. Rxe8+ Rxe8 35. Qxf4 Bxf4 36. Rb6 Re6 37. Rxa6 f5 38. a4 g5 39. a5 g4 40. hxg4 fxg4 41. g3 Bd2 42. Ra8+ Kh7 43. a6 1-0


[Site "https://www.chess.com"]

[Event "Titled Tuesday Blitz September 21 2021"]
[White "Svane, Rasmus"]
[Black "Gelman, Alexander"]
[WhiteFideId "4657101"]
[BlackFideId "4118316"]
[WhiteElo "2643"]
[BlackElo "2375"]
[Result "1-0"]
[Round "04"]
[TimeControl "180+1"]
[Date "2021.09.21"]
[WhiteClock "0:00:10"]
[BlackClock "0:00:01"]

1. Nf3 c5 2. c4 Nf6 3. Nc3 d6 4. d4 cxd4 5. Nxd4 e6 6. g3 a6 7. Bg2 Be7 8. O-O O-O 9. b3 Nbd7 10. Bb2 Qc7 11. e3 Ne5 12. Rc1 Bd7 13. f4 Ng6 14. g4 h6 15. Qf3 Rab8 16. Qg3 Qa5 17. h4 b5 18. g5 hxg5 19. fxg5 Nh7 20. h5 Ne5 21. c5 Nd3 22. cxd6 Bxg5 23. Ne4 Bh6 24. Nc6 Qb6 25. Bd4 Nxc1 26. Rxc1 Qxc6 27. Rxc6 Bxc6 28. Bxg7 Bxe3+ 29. Kh1 Bf4 30. Qxf4 Kxg7 31. h6+ Kh8 32. Nf6 Bxg2+ 33. Kxg2 Rg8+ 34. Nxg8 Rxg8+ 35. Kf1 Rd8 36. Ke2 Nf8 37. Qf6+ 1-0


[Site "https://www.chess.com"]

[Event "Titled Tuesday Blitz September 21 2021"]
[White "Swicarz, Maciej"]
[Black "Shkapenko, Pavel"]
[WhiteFideId "1113585"]
[BlackFideId "4151933"]
[WhiteElo "2153"]
[BlackElo "2386"]
[Result "1-0"]
[Round "04"]
[TimeControl "180+1"]
[Date "2021.09.21"]
[WhiteClock "0:00:12"]
[BlackClock "0:00:01"]

1. c4 e6 2. Nc3 d5 3. cxd5 exd5 4. d4 g6 5. Nf3 Bg7 6. Bg5 Ne7 7. e3 c6 8. Bd3 O-O 9. O-O f6 10. Bf4 Bf5 11. Rb1 Nd7 12. h3 Nb6 13. b4 Bxd3 14. Qxd3 Rc8 15. b5 Qd7 16. Rfc1 Nc4 17. Nd2 cxb5 18. Nxb5 a6 19. Nc3 b5 20. a4 Nxd2 21. Qxd2 bxa4 22. Ra1 Rc4 23. Qd1 Rfc8 24. Ne2 Rxc1 25. Nxc1 Rc3 26. Nd3 a3 27. Qd2 Qc6 28. Nc5 Rc4 29. Rxa3 Qb5 30. Ra1 h5 31. Nxa6 g5 32. Bd6 Nf5 33. Bc5 Qb3 34. Nc7 Rc2 35. Qe1 Kh7 36. Ne6 Kg6 37. Rb1 Qc4 38. Qf1 Qxf1+ 39. Rxf1 g4 40. hxg4 hxg4 41. g3 Bh6 42. Re1 Kf7 43. Nc7 Ne7 44. Ra1 Bf8 45. Ra7 Kg6 46. Bxe7 Bxe7 47. Nxd5 Bd6 48. Nf4+ Bxf4 49. gxf4 Kf5 50. Kg2 Ke4 51. Re7+ Kd3 52. Rf7 Ke2 53. Rxf6 Ke1 54. Kg3 Rxf2 55. Kxg4 Ke2 56. Re6 Kd3 57. d5 Kc4 58. d6 Kd5 59. d7 Kxe6 60. d8=Q Rf1 61. Qa5 Rg1+ 62. Kf3 Rf1+ 63. Ke4 Rh1 64. Qb6+ 1-0


[Site "https://www.chess.com"]